Map: Lightshade LE

Players

PiLiPiLi - Winner!

  • Race: Protoss Protoss
  • League: Grandmaster
  • Spawn Location: 11:00

starkiller

  • Race: Zerg Zerg
  • Spawn Location: 5:00

Event: DreamHack SC2 Masters 2020 Winter

VOD

Have the link to the VOD?

Description

Time

  • Played on: Oct. 15, 2020, 8:14 p.m.
  • Length: 13:37

All games in this series

Show
View Real Time Build Order
Export as new Build Order

PiLiPiLi Protoss - Winner!

Build Orders: 1 Gate Expand, Oracle Opening, Carriers 

Get SALT Encoding   

  12  0:00  Probe  
  13  0:12  Probe  
  14  0:20  Pylon  
  14  0:24  Probe  
  15  0:38  Probe (Chrono Boost)  
  15  0:40  Gateway  
  16  0:49  Probe (Chrono Boost)  
  17  0:54  Assimilator, Probe (Chrono Boost)  
  18  1:04  Probe  
  19  1:16  Probe  
  20  1:27  Nexus  
  20  1:39  Cybernetics Core  
  20  1:42  Probe  
  21  1:47  Assimilator  
  21  1:53  Pylon  
  21  1:55  Probe  
  22  2:08  Probe  
  23  2:12  Adept (Chrono Boost)  
  25  2:20  Probe  
  25  2:22  Stargate  
  26  2:32  Adept (Chrono Boost), Probe  
  28  2:39  Probe  
  29  2:45  Gateway  
  29  2:46  Probe  
  30  2:53  Probe  
  30  2:55  Adept (Chrono Boost)  
  31  3:02  Shield Battery  
  31  3:10  Oracle (Chrono Boost)  
  34  3:17  Shield Battery  
  34  3:20  Adept  
  36  3:28  Pylon  
  36  3:35  Probe x2  
  38  3:42  Cybernetics Core  
  38  3:45  Oracle (Chrono Boost)  
  41  3:54  Pylon, Probe x2  
  43  4:06  Probe x2  
  45  4:16  Oracle (Chrono Boost)  
  45  4:17  Warp Gate (Chrono Boost)  
  45  4:18  Probe x2  
  45  4:20  Adept  
  52  4:24  Shield Battery  
  52  4:30  Probe  
  53  4:32  Probe  
  53  4:33  Gateway  
  54  4:38  Pylon  
  54  4:42  Probe  
  54  4:44  Probe  
  56  4:46  Phoenix  
  56  4:47  Assimilator  
  56  4:49  Assimilator  
  58  4:54  Probe  
  56  5:08  Probe x2  
  58  5:14  Gateway  
  58  5:16  Pylon  
  58  5:20  Probe  
  59  5:23  Probe  
  60  5:32  Probe  
  60  5:35  Pylon, Probe  
  62  5:44  Probe  
  60  5:50  Probe  
  60  5:52  Phoenix  
  60  5:56  Probe  
  64  5:59  Stargate  
  64  6:01  Adept x2, Stargate  
  68  6:09  Nexus  
  68  6:10  Pylon  
  68  6:13  Probe  
  68  6:18  Probe  
  70  6:19  Phoenix  
  72  6:25  Adept x2  
  72  6:26  Adept x2  
  72  6:27  Probe  
  81  6:36  Shield Battery  
  81  6:40  Probe  
  81  6:41  Probe  
  81  6:44  Pylon  
  81  6:45  Phoenix x2 (Chrono Boost)  
  87  6:47  Protoss Air Weapons Level 1  
  87  6:48  Phoenix (Chrono Boost)  
  87  6:52  Probe  
  90  6:58  Probe  
  91  7:04  Phoenix (Chrono Boost), Probe  
  91  7:06  Phoenix (Chrono Boost)  
  96  7:08  Phoenix (Chrono Boost)  
  96  7:11  Probe  
  99  7:16  Probe  
  100  7:23  Shield Battery  
  100  7:24  Phoenix  
  100  7:28  Phoenix  
  104  7:32  Phoenix  
  104  7:34  Adept  
  104  7:35  Adept x2  
  112  7:40  Probe  
  112  7:41  Probe  
  112  7:42  Pylon, Probe  
  115  7:52  Probe  
  116  7:59  Pylon  
  116  8:01  Assimilator, Pylon, Void Ray (Chrono Boost)  
  116  8:03  Forge  
  116  8:05  Assimilator  
  118  8:08  Void Ray (Chrono Boost)  
  124  8:17  Adept x4, Void Ray (Chrono Boost)  
  127  8:26  Probe  
  112  8:38  Adept x4  
  113  8:49  Probe  
  113  8:50  Probe  
  114  9:00  Photon Cannon, Zealot  
  114  9:01  Zealot x2  
  114  9:02  Photon Cannon  
  118  9:13  Zealot  
  118  9:18  Fleet Beacon  
  118  9:23  Probe  
  108  9:25  Phoenix  
  108  9:26  Phoenix x2, Probe x2  
  115  9:34  Zealot x3  
  115  9:35  Probe  
  122  9:38  Probe  
  122  9:41  Zealot, Probe  
  126  9:47  Probe  
  126  9:50  Phoenix, Probe  
  130  9:53  Probe  
  130  9:59  Probe  
  130  10:05  Carrier (Chrono Boost)  
  130  10:13  Pylon, Carrier (Chrono Boost)  
  134  10:28  Zealot x2  
  134  10:29  Zealot x2  
  140  10:38  Carrier (Chrono Boost)  
  146  10:43  Pylon  
  146  10:45  Pylon  
  146  10:48  Protoss Shields Level 1  
  146  10:53  Photon Cannon  
  146  10:57  Protoss Air Weapons Level 2 (Chrono Boost)  
  146  10:59  Photon Cannon, Carrier (Chrono Boost)  
  150  11:12  Photon Cannon  
  150  11:15  Photon Cannon  
  150  11:18  Photon Cannon  
  156  11:36  Carrier (Chrono Boost)  
  154  11:42  Carrier (Chrono Boost)  
  158  12:05  Nexus, Probe  
  158  12:07  Pylon, Probe  
  160  12:09  Probe  
  160  12:11  Pylon  
  161  12:17  Probe  
  162  12:25  Photon Cannon  
  162  12:27  Shield Battery, Sentry x2  
  162  12:29  Carrier (Chrono Boost)  
  172  12:30  Sentry  
  172  12:31  Sentry  
  176  12:37  Photon Cannon  
  176  12:51  Photon Cannon  
  176  12:53  Photon Cannon  
  170  13:19  Stargate  
Show
View Real Time Build Order
Export as new Build Order

starkiller Zerg 

Build Orders: Pool First 

Get SALT Encoding   

  12  0:00  Drone  
  13  0:08  Drone  
  14  0:14  Extractor  
  14  0:15  Drone  
  15  0:22  Overlord  
  15  0:35  Extractor  
  14  0:40  Drone x2  
  16  0:43  Drone  
  17  0:50  Spawning Pool  
  17  0:54  Drone  
  17  1:05  Drone  
  18  1:24  Hatchery  
  17  1:26  Drone  
  18  1:37  Metabolic Boost  
  18  1:38  Zergling x2  
  19  1:46  Queen  
  21  1:52  Overlord  
  21  1:56  Drone  
  22  2:14  Drone  
  23  2:17  Hatchery  
  22  2:24  Queen  
  22  2:28  Zergling x2  
  25  2:31  Zergling x2  
  25  2:34  Zergling x2  
  27  2:39  Zergling x2  
  27  2:43  Zergling x2  
  29  2:48  Zergling x2  
  30  3:02  Zergling x2  
  30  3:03  Zergling x8  
  34  3:08  Zergling x2  
  34  3:25  Zergling x4  
  34  3:26  Zergling x2  
  36  3:29  Zergling x2  
  36  3:32  Zergling x2  
  37  3:37  Zergling x2  
  37  3:38  Queen  
  37  3:39  Zergling x4  
  40  3:41  Zergling x2  
  40  3:43  Zergling x2  
  40  3:48  Zergling x2  
  41  3:49  Drone x2  
  42  3:59  Overlord  
  39  4:07  Drone x4  
  39  4:09  Drone  
  41  4:14  Drone x2  
  39  4:26  Drone x2  
  39  4:27  Drone x2  
  39  4:28  Drone  
  39  4:30  Drone x2  
  45  4:32  Drone  
  45  4:35  Spore Crawler  
  45  4:39  Spore Crawler  
  45  4:41  Spore Crawler  
  45  4:43  Drone  
  44  4:46  Drone x2  
  44  4:49  Drone  
  44  4:50  Drone  
  47  5:06  Drone x6  
  50  5:11  Overlord  
  50  5:19  Overlord  
  50  5:20  Overlord  
  50  5:29  Overlord  
  50  5:30  Overlord  
  50  5:31  Drone x2  
  50  5:33  Drone  
  50  5:34  Lair  
  53  5:38  Drone x3  
  53  5:39  Drone  
  53  5:41  Drone  
  53  5:42  Drone  
  59  5:44  Drone x2  
  59  5:47  Drone  
  59  5:51  Drone x3  
  59  5:54  Drone x2  
  59  5:55  Extractor  
  63  5:57  Extractor  
  63  6:00  Extractor  
  63  6:01  Drone  
  63  6:02  Roach Warren  
  63  6:03  Drone  
  63  6:04  Drone  
  63  6:05  Drone  
  63  6:06  Zergling x2  
  63  6:07  Zergling x2  
  63  6:09  Zergling x2  
  67  6:14  Zergling x2  
  67  6:15  Zergling x8  
  67  6:18  Zergling x6  
  73  6:25  Overlord  
  74  6:27  Overlord x2  
  74  6:28  Overlord  
  74  6:38  Zergling x2  
  73  6:41  Zergling x2  
  73  6:43  Overlord  
  73  6:45  Overlord, Glial Reconstitution  
  73  6:46  Roach x4  
  82  6:49  Roach  
  82  6:53  Roach x3  
  90  6:58  Roach x2  
  90  6:59  Roach  
  95  7:09  Roach x5  
  95  7:15  Roach x3  
  111  7:18  Roach x2  
  115  7:23  Roach x2  
  115  7:27  Roach  
  121  7:35  Overlord x2  
  120  7:37  Roach  
  122  7:46  Overlord x2  
  122  7:50  Overlord  
  122  7:53  Zergling x2  
  122  7:54  Zergling x2  
  118  7:59  Zergling x4  
  118  8:00  Zergling x4  
  118  8:05  Zergling x2  
  117  8:06  Zergling x2  
  110  8:20  Zergling x2  
  110  8:21  Zergling x10  
  110  8:26  Zergling x2  
  98  8:27  Zergling x2  
  98  8:30  Zergling x10  
  98  8:33  Roach  
  93  8:34  Roach  
  93  8:38  Hydralisk Den  
  82  8:47  Roach x4  
  88  8:52  Roach x3  
  90  9:04  Roach  
  90  9:09  Hydralisk x2  
  92  9:10  Hydralisk x5  
  105  9:19  Grooved Spines, Hydralisk x6  
  105  9:21  Hydralisk  
  116  9:29  Hydralisk  
  113  9:33  Hydralisk x2  
  113  9:37  Hydralisk x2  
  118  9:43  Spore Crawler, Hydralisk x3  
  118  9:45  Spore Crawler  
  118  9:47  Hydralisk  
  114  10:02  Overlord x3  
  114  10:05  Overlord  
  107  10:08  Overlord x2  
  107  10:11  Overlord  
  107  10:12  Overlord x2  
  91  10:30  Muscular Augments, Queen x2  
  91  10:31  Overlord x2, Hydralisk  
  91  10:32  Overlord  
  91  10:35  Hydralisk  
  97  10:46  Overlord  
  97  10:47  Overlord  
  97  10:48  Overlord  
  97  10:50  Overlord x2  
  97  10:51  Evolution Chamber, Overlord  
  97  10:56  Drone  
  97  10:57  Drone x2  
  95  11:06  Overlord x2  
  95  11:08  Overlord  
  95  11:10  Drone x3  
  98  11:13  Drone x2  
  100  11:21  Hydralisk  
  100  11:22  Hydralisk  
  104  11:28  Drone  
  104  11:31  Spire  
  100  11:37  Queen  
  100  11:38  Drone x4  
  100  11:51  Hatchery  
  100  11:52  Drone  
  98  12:06  Extractor  
  97  12:09  Drone x3, Extractor  
  97  12:11  Drone x2  
  97  12:12  Drone  
  102  12:32  Overlord x2  
  102  12:42  Corruptor x9  
  102  12:44  Corruptor  
  120  12:47  Corruptor  
  122  12:57  Overlord  
  122  12:58  Overlord  
  122  12:59  Overlord  
Tags
 
Add a new tag
Caveats
  • Supply blocks, unpowered buildings, or Contaminate may cause inaccurate times.
  • Supply counts are checked every 10 seconds.